 Dungeon Crawl Stone Soup version 0.27.1-1-g398f81649c (webtiles) character file.

Game seed: 7156518215573896677

6478 Cykl0x the Carver (level 10, -4/86 HPs)
             Began as a Minotaur Fighter on Sept 20, 2021.
             Was a Believer of the Shining One.
             Killed from afar by an electric eel (9 damage)
             ... with a bolt of electricity
             ... on level 9 of the Dungeon.
             The game lasted 00:15:41 (10471 turns).

Cykl0x the Carver (Minotaur Fighter)               Turns: 10471, Time: 00:15:42

Health: -4/86      AC: 16    Str: 25    XL:     10   Next: 68%
Magic:  12/13      EV:  8    Int:  5    God:    the Shining One [**....]
Gold:   525        SH: 22    Dex: 25    Spells: 9/9 levels left

rFire    . . .     SeeInvis .   d - +4 falchion of the Eggplant {protect, Dex+7}
rCold    + . .     Faith    .   c - +1 kite shield
rNeg     + . .     Spirit   .   y - +0 plate armour
rPois    .         Reflect  .   (helmet restricted)
rElec    .         Harm     .   (no cloak)
rCorr    .         Rampage  .   t - +1 pair of gloves {Dex+3}
Will     .....                  (no boots)
Stlth    ..........             (no amulet)
HPRegen  0.24/turn              v - ring of protection from cold
MPRegen  0.13/turn              i - +6 ring of dexterity

@: divinely shielded, glowing
A: horns 2, retaliatory headbutt
a: Renounce Religion, Divine Shield


You were on level 9 of the Dungeon.
You worshipped the Shining One.
The Shining One was pleased with you.
You visited 1 branch of the dungeon, and saw 9 of its levels.
You also visited: Sewer.

You collected 525 gold pieces.

Inventory:

Hand Weapons
 a - a +1 long sword
 d - the +4 falchion of the Eggplant (weapon) {protect, Dex+7}
   (You found it on level 7 of the Dungeon)

   It grants its wielder temporary protection when it strikes (+7 to AC).
   Dex:       It affects your dexterity (+7).
 j - a +0 rapier
Missiles
 e - 233 stones
 r - a javelin (quivered)
Armour
 b - a +0 scale mail
 c - a +1 kite shield (worn)
 t - a +1 pair of gloves of dexterity (worn)
 y - a +0 plate armour (worn)
Jewellery
 h - a ring of flight
 i - a +6 ring of dexterity (right hand)
 v - a ring of protection from cold (left hand)
 z - a +4 ring of protection
Scrolls
 g - 2 scrolls of amnesia
 k - 2 scrolls of silence
 l - 2 scrolls of enchant armour
 n - 3 scrolls of fog
 u - a scroll of fear
Potions
 f - 4 potions of brilliance
 o - a potion of cancellation
 s - 6 potions of flight
 A - a potion of magic {unknown}
 B - a potion of ambrosia {unknown}


   Skills:
 + Level 7.3 Fighting
 + Level 11.3 Long Blades
 + Level 4.0 Throwing
 + Level 8.9 Armour
 + Level 3.4 Dodging
 + Level 8.1 Shields
 * Level 6.1 Invocations


You had 9 spell levels left.
You didn't know any spells.
Your spell library contained the following spells:

 Spells                   Type           Power      Damage    Failure   Level
 Magic Dart               Conj           0%         1d3       100%        1
 Shock                    Conj/Air       0%         1d3       100%        1
 Summon Small Mammal      Summ           0%         N/A       100%        1
 Corpse Rot               Necr/Air       N/A        N/A       100%        2
 Searing Ray              Conj           0%         3d3       100%        2
 Call Canine Familiar     Summ           0%         N/A       100%        3
 Conjure Flame            Conj/Fire      0%         6-21      100%        3
 Ignite Poison            Fire/Tmut/Pois 0%         N/A       100%        3
 Ozocubu's Armour         Ice            0%         N/A       100%        3
 Summon Guardian Golem    Hex/Summ       0%         N/A       100%        3
 Swiftness                Air            0%         N/A       100%        3
 Airstrike                Air            0%         N/A       100%        4
 Animate Armour           Summ/Erth      0%         N/A       100%        4
 Dispel Undead            Necr           0%         3d6       100%        4
 Fulminant Prism          Conj/Hex       0%         3d6       100%        4
 Sticky Flame             Conj/Fire      0%         2d3       100%        4
 Blade Hands              Tmut           0%         N/A       100%        5
 Metabolic Englaciation   Hex/Ice        0%         N/A       100%        5
 Death Channel            Necr           0%         N/A       100%        6
 Iron Shot                Conj/Erth      0%         9d1       100%        6
 Simulacrum               Ice/Necr       0%         N/A       100%        6
 Ozocubu's Refrigeration  Ice            0%         4d5       100%        7


Dungeon Overview and Level Annotations

Branches:
Dungeon (9/15)             Temple (0/1) D:7           Sewer (visited)
   Lair: D:8-11         Orc: D:9-12

Altars:
Gozag
Ru
Sif Muna
Wu Jian
Yredelemnul
The Shining One

Shops:
D:1 [

Annotations:
D:7 1 runed translucent door


Innate Abilities, Weirdness & Mutations

You have a pair of horns on your head.
You reflexively headbutt those who attack you in melee.


Message History

You hit the orc warrior but do no damage.
The orc warrior is severely wounded.
You block the orc warrior's attack.
Your plate armour prevents you from hitting the orc warrior.
You headbutt the orc warrior, but do no damage.
The orc warrior is heavily wounded.
You block the orc warrior's attack.
You hit the orc warrior. You headbutt the orc warrior!
The orc warrior is almost dead.
You block the orc warrior's attack.
You closely miss the orc warrior. You headbutt the orc warrior.
You kill the orc warrior!
Your Invocations skill increases to level 6!
You slash the troll!
The troll is lightly wounded.
You block the troll's attack. x2; The troll claws you but does no damage.
You slash the troll! You headbutt the troll!
The troll is severely wounded.
You hit the troll. You headbutt the troll.
The troll is severely wounded.
The troll barely misses you. You furiously retaliate!
You headbutt the troll!
You kill the troll!
The troll leather armour is intact enough to wear.
Items here: ) [[ ††.
Okay, then.
Unknown command.
An electric eel comes into view.
The electric eel shoots out a bolt of lightning at you!
The bolt of electricity hits you!
* * * LOW HITPOINT WARNING * * *
You hear a shout!
The electric eel shoots out a bolt of lightning at you!
The bolt of electricity hits you.
* * * LOW HITPOINT WARNING * * *
The electric eel shoots out a bolt of lightning at you!
The bolt of electricity hits you but does no damage.
There is a stone staircase leading up here.
The electric eel shoots out a bolt of lightning at you!
The bolt of electricity hits you!
You die...

..........#.##.##### ♣#.##
...................P♣≈≈♣ ♣≈.)#
#..........#......♣♣≈≈≈≈≈≈≈≈≈≈..#
#.########......≈♣♣≈≈≈≈≈≈..≈....#
.########......≈≈≈≈...≈........#
# ..............................#
#.##......#.......... ...≈≈.≈≈≈P≈
.......#..........♣.≈≈.≈♣P≈≈P≈≈P≈
#........)......@.♣≈≈≈P ≈P≈≈≈≈≈P≈
..>......##........♣≈≈
.######...........).≈P≈
...####.###.........≈≈≈Q #...)[.#
#....)....♣;≈P ########
#.......[..♣≈♣ ##............
##.......... ###........


You could see a tengu warrior and an electric eel.

Vanquished Creatures
  A catoblepas (D:7)
  Pikel (D:5)
  An ugly thing (D:7)
  A kobold demonologist (D:8)
  A komodo dragon (D:7)
  A troll (D:9)
  Sigmund (D:4)
  A wraith (D:7)
  A yak (D:9)
  2 steam dragons
  A warg (D:9)
  Duvessa (D:7)
  A water moccasin (D:8)
  4 orc warriors
  2 ice beasts (D:7)
  A sky beast (D:7)
  6 necrophages
  An ogre (D:5)
  A phantom (D:5)
  4 kobold brigands
  2 bullfrogs
  2 scorpions
  2 wyvern skeletons
  2 water moccasin skeletons
  Dowan (D:7)
  5 wights
  A howler monkey (D:6)
  A bullfrog zombie (D:7)
  A centaur zombie (D:8)
  An orc priest (D:4)
  A human zombie (D:4)
  A jelly (D:7)
  4 hounds
  A bullfrog skeleton (D:5)
  3 centaur skeletons (D:7)
  An iguana (D:5)
  5 orc wizards
  A scorpion zombie (D:4)
  A hound zombie (D:4)
  4 mummies (D:4)
  3 howler monkey zombies
  Robin (D:3)
  4 adders
  8 gnolls
  A river rat (D:5)
  A white imp (D:5)
  An adder zombie (D:4)
  2 adder skeletons
  10 worms
  3 dart slugs
  14 orcs
  9 ball pythons
  11 bats
  12 endoplasms
  8 giant cockroaches
  10 goblins
  8 hobgoblins
  7 jackals
  11 kobolds
  8 quokkas
  4 frilled lizards
  6 rats
215 creatures vanquished.

Vanquished Creatures (others)
  3 plants
3 creatures vanquished.

Grand Total: 218 creatures vanquished

Notes
Turn   | Place    | Note
-------+----------+-------------------------------------------
     0 | D:1      | Cykl0x the Minotaur Fighter began the quest for the Orb.
     0 | D:1      | Reached XP level 1. HP: 19/19 MP: 0/0
   166 | D:1      | Found a faded altar of an unknown god.
   286 | D:1      | Reached XP level 2. HP: 27/27 MP: 1/1
   400 | D:1      | Found Nal Tife's Antique Armour Boutique.
   943 | D:1      | Reached skill level 3 in Long Blades
  1216 | D:1      | Reached XP level 3. HP: 33/33 MP: 2/2
  2323 | D:3      | Reached skill level 1 in Throwing
  2386 | D:2      | Reached XP level 4. HP: 35/40 MP: 3/3
  2425 | D:3      | Reached skill level 4 in Long Blades
  2660 | D:3      | Noticed Robin
  2950 | D:3      | Reached XP level 5. HP: 29/46 MP: 4/4
  3076 | D:3      | Killed Robin
  3653 | D:4      | Reached XP level 6. HP: 39/53 MP: 5/5
  3743 | D:4      | Reached skill level 5 in Armour
  3772 | D:4      | Reached skill level 5 in Long Blades
  3834 | D:4      | Found a basalt altar of Yredelemnul.
  3834 | D:4      | You are sucked into a shaft and drop 1 floor!
  3834 | D:5      | Entered Level 5 of the Dungeon
  3928 | D:5      | Reached skill level 1 in Dodging
  3959 | D:5      | HP: 2/53 [necrophage (2)]
  3963 | D:5      | Reached skill level 5 in Fighting
  3963 | D:5      | Reached skill level 5 in Shields
  3963 | D:5      | Reached XP level 7. HP: 3/61 MP: 6/6
  4022 | D:5      | Found a sacrificial altar of Ru.
  4032 | D:5      | Reached skill level 6 in Long Blades
  4073 | D:5      | Found a glowing drain.
  4098 | Sewer    | Entered a sewer
  4820 | D:5      | Gained mutation: Your magical capacity is low. (-10% MP)
                  | [potion of mutation]
  4820 | D:5      | Gained mutation: You are agile. (Dex +2) [potion of
                  | mutation]
  4821 | D:5      | Lost mutation: Your magical capacity is low. (-10% MP)
                  | [potion of mutation]
  4821 | D:5      | Lost mutation: You are agile. (Dex +2) [potion of mutation]
  4821 | D:5      | Gained mutation: You sometimes lose the ability to read
                  | scrolls when taking damage. [potion of mutation]
  4821 | D:5      | Gained mutation: Your body sometimes deteriorates upon
                  | taking damage. [potion of mutation]
  4891 | D:5      | Found a glowing golden altar of the Shining One.
  4896 | D:5      | Became a worshipper of the Shining One
  5084 | D:5      | Reached skill level 1 in Invocations
  5417 | D:5      | Found an ornate altar of the Wu Jian Council.
  5425 | D:5      | Reached skill level 7 in Long Blades
  5425 | D:5      | Reached XP level 8. HP: 66/68 MP: 6/8
  5478 | D:5      | Noticed Pikel
  5498 | D:5      | Killed Pikel
  5902 | D:5      | Reached skill level 8 in Long Blades
  6210 | D:4      | Reached * piety under the Shining One
  6413 | D:4      | Noticed Sigmund
  6423 | D:4      | Killed Sigmund
  6774 | D:4      | Reached XP level 9. HP: 74/75 MP: 10/10
  6997 | D:6      | Found an opulent altar of Gozag.
  7513 | D:7      | Reached skill level 9 in Long Blades
  7795 | D:7      | Noticed a komodo dragon
  7801 | D:7      | Reached ** piety under the Shining One
  7806 | D:7      | Killed a komodo dragon
  7807 | D:7      | Reached skill level 5 in Invocations
  7830 | D:7      | Identified the +4 falchion of the Eggplant {protect, Dex+7}
  7846 | D:7      | Found a runed translucent door.
  7846 | D:7      | Noticed a white ugly thing
  7851 | D:7      | The Shining One protects you from harm!
  8219 | D:7      | Killed a white ugly thing
  8220 | D:7      | Reached skill level 10 in Long Blades
  8220 | D:7      | Reached XP level 10. HP: 8/84 MP: 12/12
  8645 | D:7      | Noticed a catoblepas
  8664 | D:7      | Killed a catoblepas
  8890 | D:7      | Noticed Dowan
  8892 | D:7      | Noticed Duvessa
  8895 | D:7      | Killed Dowan
  8905 | D:7      | Killed Duvessa
  9078 | D:7      | Found a staircase to the Ecumenical Temple.
  9354 | D:7      | Found a shimmering blue altar of Sif Muna.
  9641 | D:8      | Noticed a sun demon
  9666 | D:8      | Reached skill level 11 in Long Blades
 10367 | D:9      | Noticed a tengu warrior
 10374 | D:9      | Noticed a tengu warrior
 10418 | D:9      | Lost mutation: Your body sometimes deteriorates upon taking
                  | damage. [potion of mutation]
 10418 | D:9      | Lost mutation: You sometimes lose the ability to read
                  | scrolls when taking damage. [potion of mutation]
 10418 | D:9      | Gained mutation: You are strong-willed. (Will+) [potion of
                  | mutation]
 10418 | D:9      | Lost mutation: You are strong-willed. (Will+) [potion of
                  | mutation]
 10445 | D:9      | HP: 1/86 [orc warrior (5)]
 10471 | D:9      | Killed from afar by an electric eel

Illustrated notes

Levels and vault maps discovered:
D:1:      dpeg_arrival_leaves_temple_mockup, layout_basic, serial_shops,
          shop_statue, hellmonk_ecumenical_altar_heavens_door
D:2:      layout_basic, serial_curves, eino_curves_01, eino_curves_02,
          grunt_ministairs_10, hangedman_decor_growths, patterned_corridor
D:3:      layout_basic, minmay_misc_feat_cross, st_stairs_13,
          hangedman_abyss_or_decor_stabs, uniq_robin
D:4:      layout_loops_ring, lemuel_mausoleum_altar_yredelemnul, uniq_sigmund
D:5:      layout_basic, mainiacjoe_overflow_alcove_1,
          nicolae_wu_jian_wuxing_cycle, nicolae_ru_great_annihilating_truth,
          portal_sewer_entry_e, dk_noncrumbling_3, minmay_strange_pillars,
          grunt_decor_junction, minmay_misc_feat_rows, uniq_pikel
D:6:      layout_rooms, lemuel_crystal_altar, amcnicky_mini_rare_corridor_liquid
D:7:      minmay_the_grid_four_pointed_star [minmay_the_grid_triangle_9x9_sprig,
          minmay_the_grid_triangle_9x9_shrine,
          minmay_the_grid_triangle_9x9_flanged_cone,
          minmay_the_grid_triangle_9x9_subtriangle,
          minmay_the_grid_prize_diamond_cup], layout_rooms,
          kennysheep_little_box, minmay_temple_entry_nine_rooms, uniq_duvessa
D:8:      layout_loops_corners
D:9:      layout_rooms, erik_lair_orcish_takeover, serial_bayou,
          serial_bayou_shore_b, serial_bayou_ford_a, serial_bayou_pond_e,
          serial_bayou_pond_d

Skill      XL: |  1  2  3  4  5  6  7  8  9 10 |
---------------+-------------------------------+-----
Long Blades    | 3 4 5 7 8 10 11 | 11.3
Armour         | 4 5 6 7 8 |  8.9
Fighting       | 4 5 6 7 |  7.3
Shields        | 4 5 6 7 8 |  8.1
Throwing       | 1 2 3 4 |  4.0
Dodging        | 1 2 3 |  3.4
Invocations    | 1 3 5 6 |  6.1

Action                   |  1- 3 |  4- 6 |  7- 9 | 10-12 || total
-------------------------+-------+-------+-------+-------++-------
Melee: Long sword        |    94 |   130 |   243 |       ||   467
       Headbutt          |    13 |    26 |    72 |    56 ||   167
       Falchion          |       |       |    10 |   130 ||   140
Throw: Stone             |    75 |    14 |    17 |    15 ||   121
       Javelin           |       |     2 |     9 |     4 ||    15
       Boomerang         |       |       |    16 |    10 ||    26
Invok: Divine Shield     |       |       |     1 |     1 ||     2
  Use: Scroll            |     4 |     4 |     8 |     3 ||    19
       Potion            |       |       |    10 |     4 ||    14
 Stab: Paralysed         |       |       |     1 |       ||     1
Armor: Scale mail        |    34 |    45 |    68 |       ||   147
       Plate armour      |       |       |    21 |    49 ||    70
Dodge: Dodged            |    23 |    36 |    76 |    22 ||   157
Block: Kite shield       |    48 |    66 |   133 |    97 ||   344
       Rpst.: Long sword |     4 |    10 |    22 |       ||    36
       Falchion          |       |       |       |     5 ||     5
